 Dungeon Crawl Stone Soup version 0.30-a0-782-ge64f9170bb (webtiles) character file.

Game seed: 1438669165158684045

72281 kae the Earth Mage (level 15, 0/95 HPs)
             Began as a Gargoyle Earth Elementalist on Feb 25, 2023.
             Was a High Priest of Vehumet.
             Slain by a red ugly thing (18 damage)
             ... on level 15 of the Dungeon.
             The game lasted 00:26:10 (22892 turns).

kae the Earth Mage (Gargoyle Earth Elementalist)   Turns: 22892, Time: 00:26:10

Health: 0/95       AC: 24    Str: 12    XL:     15   Next: 39%
Magic:  10/42      EV: 12    Int: 23    God:    Vehumet [*****.]
Gold:   1856       SH:  5    Dex: 10    Spells: 20/42 levels left

rFire   . . .      SeeInvis .    X - +0 spear (venom)
rCold   . . .      Faith    .    B - +2 buckler {reflect}
rNeg    + . .      Spirit   .    w - +0 troll leather armour {Pargi}
rPois   ∞          Reflect  +    (no helmet)
rElec   +          Harm     .    K - +0 cloak
rCorr   .          Rampage  .    a - +2 pair of gloves
Will    +....                    t - +2 pair of boots
Stlth   ++                       m - amulet of magic regeneration
HPRegen 1.15/turn                Z - ring of wizardry
MPRegen 0.68/turn                W - ring of magical power

@: flying
A: sickness immunity, AC +11, big wings, negative energy resistance 1,
electricity resistance, torment resistance 1, petrification resistance
a: Renounce Religion


You were on level 15 of the Dungeon.
You worshipped Vehumet.
Vehumet was extremely pleased with you.
You visited 3 branches of the dungeon, and saw 21 of its levels.
You also visited: Sewer, Bailey and Ice Cave.

You collected 1856 gold pieces.


Innate Abilities, Weirdness & Mutations

You are immune to sickness and miasma.
Your stone body is resilient. (AC +11)
You are immune to poison.
Your large and strong wings let you fly.
You resist negative energy. (rN+)
You are resistant to electric shocks. (rElec)
You are resistant to unholy torment.
You are immune to petrification.


   Skills:
 - Level 11.2 Fighting
 - Level 6.1 Armour
 - Level 5.0 Dodging
 - Level 2.1 Stealth
 + Level 14.3 Spellcasting
 + Level 14.4 Conjurations
 - Level 0.7 Transmutations
 + Level 15.1 Earth Magic


You had 20 spell levels left.
You knew the following spells:

 Your Spells              Type           Power      Damage    Failure   Level
a - Sandblast             Erth           100%       2d20      0%          1
b - Stone Arrow           Conj/Erth      100%       3d13      1%          3
c - Passwall              Tmut/Erth      43%        N/A       1%          2
d - Petrify               Tmut/Erth      52%        N/A       1%          4
e - Flame Wave            Conj/Fire      49%        2d12      1%          4
f - Lehudib's Crystal Sp  Conj/Erth      35%        10d9      11%         8

Your spell library contained the following spells:

 Spells                   Type           Power      Damage    Failure   Level
 Arcjolt                  Conj/Air       24%        1d34      1%          5
 Magic Dart               Conj           100%       1d8       0%          1
 Kiss of Death            Conj/Necr      100%       2d13      1%          1
 Searing Ray              Conj           100%       2d8       1%          2
 Hailstorm                Conj/Ice       49%        3d11      1%          3
 Animate Armour           Summ/Erth      100%       N/A       1%          4
 Fulminant Prism          Conj/Hex       24%        3d12      1%          4
 Irradiate                Conj/Tmut      25%        3d20      1%          5
 Borgnjor's Vile Clutch   Necr/Erth      25%        N/A       3%          5
 Ensorcelled Hibernation  Hex/Ice        32%        N/A       4%          2
 Confusing Touch          Hex            16%        N/A       8%          3
 Swiftness                Air            16%        N/A       8%          3
 Ice Form                 Ice/Tmut       18%        N/A       21%         4
 Animate Dead             Necr           16%        N/A       24%         4
 Dispel Undead            Necr           16%        3d10      24%         4
 Shatter                  Erth           36%        3d29*     69%         9
 Death Channel            Necr           8%         N/A       97%         6
 Simulacrum               Ice/Necr       8%         N/A       97%         6
 Chain Lightning          Conj/Air       24%        3d32      100%        9
 Fire Storm               Conj/Fire      24%        8d6       100%        9
 Sublimation of Blood     Necr           Unusable   N/A       N/A         2

Inventory:

Hand Weapons
 X - a +0 spear of venom (weapon)
   (You took it off a gnoll sergeant on level 6 of the Dungeon)
Armour
 a - a +2 pair of gloves (worn)
   (You found it on level 11 of the Dungeon)
 t - a +2 pair of boots (worn)
   (You found it on level 11 of the Dungeon)
 w - a +0 troll leather armour (worn) {Pargi}
   (You found it in a sewer)
 B - a +2 buckler of reflection (worn)
   (You found it on level 10 of the Dungeon)
 K - a +0 cloak (worn)
   (You found it on level 10 of the Dungeon)
Jewellery
 c - a ring of protection from cold
   (You found it in a sewer)
 g - an amulet of regeneration
   (You found it on level 2 of the Dungeon)
 m - an amulet of magic regeneration (around neck)
   (You found it in a bailey)
 p - the ring of the Original Sin {rPois rC+ rN+ rCorr Stlth-}
   (You found it in an ice cave)

   [ring of protection from cold]

   rC:        It protects you from cold.
   rPois:     It protects you from poison.
   rN:        It protects you from negative energy.
   rCorr:     It protects you from acid and corrosion.
   Stlth:     It makes you less stealthy.
 z - a ring of wizardry
   (You found it on level 1 of the Lair of Beasts)
 F - a ring of protection from fire
   (You found it on level 11 of the Dungeon)
 G - an amulet of guardian spirit
   (You found it on level 10 of the Dungeon)
 O - a +4 ring of protection
   (You found it on level 4 of the Lair of Beasts)
 U - a ring of ice
   (You found it in an ice cave)
 W - a ring of magical power (right hand)
   (You found it on level 3 of the Lair of Beasts)
 Z - a ring of wizardry (left hand)
   (You found it on level 5 of the Dungeon)
Wands
 r - a wand of digging (14)
   (You found it on level 9 of the Dungeon)
 v - a wand of iceblast (21)
   (You found it in a sewer)
 y - a wand of flame (10)
   (You found it on level 5 of the Dungeon)
 E - a wand of paralysis (8)
   (You took it off Maggie on level 7 of the Dungeon)
 I - a wand of polymorph (12)
   (You found it on level 7 of the Dungeon)
 V - a wand of mindburst (5)
   (You found it on level 11 of the Dungeon)
Scrolls
 f - a scroll of brand weapon
 i - a scroll of poison
 k - 2 scrolls of fear
 l - 10 scrolls of identify {@r1}
 n - 4 scrolls of enchant weapon
 x - 2 scrolls of enchant armour
 A - a scroll of magic mapping {!r}
 H - 5 scrolls of fog
 P - 8 scrolls of teleportation {@r4}
 Q - 2 scrolls of silence {!r}
 T - a scroll of blinking {!r}
Potions
 b - 3 potions of magic
 d - a potion of invisibility
 e - 3 potions of cancellation
 h - 2 potions of heal wounds {@q2}
 j - a potion of attraction {!q}
 o - 7 potions of mutation {!q}
 q - 5 potions of brilliance
 s - 3 potions of resistance
 u - 9 potions of curing {@q1}
 D - 4 potions of might
 L - 4 potions of ambrosia
 N - 3 potions of haste {@q3}
 R - 5 potions of lignification {!q}
 S - a potion of berserk rage {!q}
Miscellaneous
 C - a box of beasts
   (You found it on level 14 of the Dungeon)
 J - a piece from Xom's chessboard (15/15)
   (You found it on level 10 of the Dungeon)
 M - a phantom mirror
   (You found it in a bailey)
 Y - a lightning rod (4/4)
   (You found it on level 2 of the Lair of Beasts)

Dungeon Overview and Level Annotations

Branches:
Dungeon (15/15) Zot: 26406  Temple (1/1) D:4 Zot: 5700    Lair (5/5) D:8 Zot: 24538
 Shoals (0/4) Lair:2        Snake (0/4) Lair:3        Slime (0/5) Lair:5
    Orc (0/2) D:10         Vaults (0/5) D:13         Depths (0/4) D:15
  Sewer (visited)          Bailey (visited)           IceCv (visited)

Altars:
Ashenzari
Cheibriados
Dithmenos
Elyvilon
Fedhas
Gozag
Hepliaklqana
Kikubaaqudgha
Makhleb
Nemelex Xobeh
Okawaru
Qazlal
Ru
Sif Muna
Trog
Uskayaw
Vehumet
Wu Jian
Xom
Yredelemnul
Zin
The Shining One
Jiyva
Lugonu

Shops:
D:10 (=

Portals:
Abyss: Lair:5

Annotations:
D:14 2 transporters

.#.# #............# .. .#.#
#....<.....### # . .#.#
#.##...##### #..## ...#
#.##...# #.#.###. .###
#.##.### #...u.uu .# #.##(#
#.# .# #.##.# ###########u#
.##########.##.###..†(.......#
................@u...#########
##################...# #####


You could see a red ugly thing.


Message History

You lost 3 mp, and now have 23/42 mp.
Casting: Stone Arrow (safe; 1% risk of failure)
Confirm with . or Enter, or press ? or * to list all spells.
Aiming: Stone Arrow (safe; 1% risk of failure)
Press: ? - help, Shift-Dir - straight line, f/p - brown ugly thing
Aim: a brown ugly thing (moderately wounded, 78% to hit)
The stone arrow hits the brown ugly thing!!
The brown ugly thing tail-slaps you but does no damage. 😨 HP[+1] MP[-2]
You lost 2 mp, and now have 21/42 mp.
Casting: Stone Arrow (safe; 1% risk of failure)
Confirm with . or Enter, or press ? or * to list all spells.
Aiming: Stone Arrow (safe; 1% risk of failure)
Press: ? - help, Shift-Dir - straight line, f/p - brown ugly thing
Aim: a brown ugly thing (severely wounded, 78% to hit)
The stone arrow hits the brown ugly thing!
The brown ugly thing closely misses you. 😨 HP[+1] MP[-2]
You lost 2 mp, and now have 19/42 mp.
Casting: Stone Arrow (safe; 1% risk of failure)
Confirm with . or Enter, or press ? or * to list all spells.
Aiming: Stone Arrow (safe; 1% risk of failure)
Press: ? - help, Shift-Dir - straight line, f/p - brown ugly thing
Aim: a brown ugly thing (almost dead, 78% to hit)
The stone arrow hits the brown ugly thing!
You kill the brown ugly thing!
Vehumet accepts your kill. 😨 HP[+2] MP[-3]
You regained 2 hp, and now have 42/95 hp.
You lost 3 mp, and now have 16/42 mp.
Casting: Stone Arrow (safe; 1% risk of failure)
Confirm with . or Enter, or press ? or * to list all spells.
Aiming: Stone Arrow (safe; 1% risk of failure)
Press: ? - help, Shift-Dir - straight line, f - green ugly thing
Aim: a green ugly thing (78% to hit)
The stone arrow hits the green ugly thing!!
The green ugly thing tail-slaps you but does no damage. 😨 HP[+1] MP[-2]
You lost 2 mp, and now have 14/42 mp.
Casting: Stone Arrow (safe; 1% risk of failure)
Confirm with . or Enter, or press ? or * to list all spells.
Aiming: Stone Arrow (safe; 1% risk of failure)
Press: ? - help, Shift-Dir - straight line, f/p - green ugly thing
Aim: a green ugly thing (moderately wounded, 78% to hit)
The stone arrow hits the green ugly thing!
The green ugly thing tail-slaps you but does no damage.
The green ugly thing basks in the mutagenic energy from its kin and changes! 😨 HP[+1] MP[-2]
You lost 2 mp, and now have 12/42 mp.
Casting: Stone Arrow (safe; 1% risk of failure)
Confirm with . or Enter, or press ? or * to list all spells.
Aiming: Stone Arrow (safe; 1% risk of failure)
Press: ? - help, Shift-Dir - straight line, f/p - green ugly thing
Aim: a green ugly thing (heavily wounded, 78% to hit)
The stone arrow hits the green ugly thing!
The green ugly thing tail-slaps you!
* * * LOW HITPOINT WARNING * * *
😨 HP[-11] MP[-3]
You take 11 damage, and now have 33/95 hp.
You lost 3 mp, and now have 9/42 mp.
Casting: Stone Arrow (safe; 1% risk of failure)
Confirm with . or Enter, or press ? or * to list all spells.
Aiming: Sandblast (safe; 0% risk of failure)
Press: ? - help, Shift-Dir - straight line, f/p - green ugly thing
Aim: a green ugly thing (severely wounded, 85% to hit)
The blast of sand hits the green ugly thing!
The green ugly thing barely misses you. The green ugly thing tail-slaps you!
* * * LOW HITPOINT WARNING * * *
😨 HP[-9] MP[+1]
You take 9 damage, and now have 24/95 hp.
Casting: Sandblast (safe; 0% risk of failure)
Confirm with . or Enter, or press ? or * to list all spells.
Aiming: Sandblast (safe; 0% risk of failure)
Press: ? - help, Shift-Dir - straight line, f/p - green ugly thing
Aim: a green ugly thing (almost dead, 85% to hit)
The blast of sand hits the green ugly thing.
The green ugly thing tail-slaps you!
* * * LOW HITPOINT WARNING * * *
😱 HP[-5]
You take 5 damage, and now have 19/95 hp.
Casting: Sandblast (safe; 0% risk of failure)
Confirm with . or Enter, or press ? or * to list all spells.
Aiming: Sandblast (safe; 0% risk of failure)
Press: ? - help, Shift-Dir - straight line, f/p - green ugly thing
Aim: a green ugly thing (almost dead, 85% to hit)
The blast of sand hits the green ugly thing!!
You kill the green ugly thing!
Vehumet accepts your kill. 😱 HP[+1]
Casting: Sandblast (safe; 0% risk of failure)
Confirm with . or Enter, or press ? or * to list all spells.
Aiming: Sandblast (safe; 0% risk of failure)
Press: ? - help, Shift-Dir - straight line, f - red ugly thing
Aim: a red ugly thing (85% to hit)
The blast of sand hits the red ugly thing but does no damage.
The red ugly thing tail-slaps you but does no damage.
The red ugly thing tail-slaps you.
* * * LOW HITPOINT WARNING * * *
You are engulfed in flames!!
You die...

Skill      XL: |  1  2  3  4  5  6  7  8  9 10 11 12 13 14 15 |
---------------+----------------------------------------------+-----
Earth Magic    | 4 5 6 7 9 11 13 14 15 | 15.1
Conjurations   | 1 2 3 4 6 8 9 11 12 13 14 | 14.4
Spellcasting   | 3 4 5 7 8 10 11 12 13 14 | 14.3
Fighting       | 9 11 | 11.2
Armour         | 4 6 |  6.1
Dodging        | 4 5 |  5.0
Stealth        | |  2.1
Transmutations | |  0.7

Action                     |  1- 3 |  4- 6 |  7- 9 | 10-12 | 13-15 || total
---------------------------+-------+-------+-------+-------+-------++-------
  Melee: Unarmed           |    57 |     2 |     1 |       |       ||    60
         Spear             |       |       |    25 |    36 |    10 ||    71
         Punch             |       |       |     1 |       |       ||     1
   Cast: Sandblast         |    52 |   131 |   130 |   184 |   108 ||   605
         Stone Arrow       |       |       |    69 |   210 |   544 ||   823
  Evoke: Wand              |       |       |       |     3 |       ||     3
    Use: Scroll            |     1 |     7 |    13 |    10 |     1 ||    32
         Potion            |       |       |       |       |     1 ||     1
 Armour: Robe              |    34 |    35 |     3 |       |       ||    72
         Troll leather arm |       |       |    44 |   145 |   180 ||   369
  Dodge: Dodged            |    54 |    34 |    65 |   183 |   161 ||   497
  Block: Buckler           |       |       |       |    76 |    63 ||   139
         Reflection        |       |       |       |     3 |     7 ||    10

Levels and vault maps discovered:
D:1:      sevenhm_arrival_forest_fort_large_4, layout_basic
D:2:      layout_basic
D:3:      layout_basic, mainiacjoe_overflow_six_doors_small,
          lemuel_crystal_altar, chequers_decorated_corner,
          hangedman_decor_peaks_small
D:4:      layout_basic, nicolae_tso_besieged_by_evil,
          nemelex_spade_bored_becter, minmay_temple_entry_sparse_star
D:5:      layout_cave_pods, marbit_many_paths, gup_sewer_entry_pipe
D:6:      layout_basic
D:7:      layout_basic, nicolae_qazlal_general_emergency, uniq_menkaure,
          uniq_maggie
D:8:      layout_loops_corners, xom_shifter_show, lair_entry_dummy, uniq_psyche
D:9:      layout_small_grid, nicolae_ru_sacrificial_ziggurat, enter_bailey_5
D:10:     layout_roguey, david_orc_4, nicolae_stop_n_shop_1,
          nicolae_take_the_stairs, uniq_harold
D:11:     wander_river, layout_irregular_city
D:12:     layout_stronghold
D:13:     layout_cave_pools, david_vaults_2
D:14:     gammafunk_jiyva_shrine, layout_basic, serial_bayou_shore_b,
          minmay_evil_grid
D:15:     grunt_enter_depths_giant_problem, layout_loops_ring, enter_trove_6,
          chequers_garden, lemuel_flamethrower_2
Temple:   minmay_temple_curvy_branch
Lair:1:   layout_roguey
Lair:2:   layout_layer_cave, minmay_shoals_entry_beasts, uniq_nergalle
Lair:3:   layout_cave_pods, dummy_snake_entry, infiniplex_staircase_pool_2,
          lemuel_fruit_tree
Lair:4:   layout_long_grid, portal_ice_cave_entry_animals_and_master
Lair:5:   hellmonk_lair_end_abyssal_woods, layout_cave_pods, slime_entry_1

Notes
Turn   | Place    | Note
-------+----------+-------------------------------------------
     0 | D:1      | kae the Gargoyle Earth Elementalist began the quest for the
                  | Orb.
     0 | D:1      | Reached XP level 1. HP: 10/10 MP: 3/3
     0 | D:1      | magus.rc [v1.11.3]
   147 | D:1      | Reached skill level 4 in Earth Magic
   147 | D:1      | Reached XP level 2. HP: 15/15 MP: 3/5
   258 | D:1      | Reached XP level 3. HP: 19/19 MP: 2/7
   262 | D:1      | Learned a level 3 spell: Stone Arrow
   265 | D:1      | Learned a level 2 spell: Passwall
   339 | D:1      | You pick up a book of Annihilations and begin reading...
   339 | D:1      | You add the spells Chain Lightning, Fire Storm and Shatter
                  | to your library.
   574 | D:1      | Reached skill level 1 in Conjurations
  1253 | D:2      | Reached XP level 4. HP: 24/24 MP: 4/8
  1385 | D:2      | Reached skill level 2 in Conjurations
  1440 | D:2      | Reached skill level 3 in Spellcasting
  1723 | D:2      | Reached XP level 5. HP: 28/28 MP: 7/9
  1961 | D:2      | Learned a level 4 spell: Petrify
  1983 | D:3      | Found a shadowy altar of Dithmenos.
  2000 | D:2      | Reached skill level 5 in Earth Magic
  2130 | D:3      | Reached skill level 3 in Conjurations
  2633 | D:3      | Reached XP level 6. HP: 29/32 MP: 5/11
  2692 | D:3      | Found a glowing silver altar of Zin.
  2749 | D:3      | Reached skill level 4 in Conjurations
  3363 | D:4      | Found a staircase to the Ecumenical Temple.
  3373 | Temple   | Entered the Ecumenical Temple
  3647 | Temple   | Became a worshipper of Vehumet
  3678 | D:4      | You pick up a book of the Tundra and begin reading...
  3678 | D:4      | You add the spells Hailstorm, Ice Form and Simulacrum to
                  | your library.
  3850 | D:4      | Found a glowing golden altar of the Shining One.
  4066 | D:4      | You pick up a book of Conjurations and begin reading...
  4066 | D:4      | You add the spells Magic Dart, Searing Ray and Fulminant
                  | Prism to your library.
  4112 | D:4      | Reached * piety under Vehumet
  4112 | D:4      | Offered knowledge of Shock by Vehumet.
  4177 | D:4      | Found a sparkling altar of Nemelex Xobeh.
  4213 | D:4      | Reached XP level 7. HP: 36/36 MP: 9/12
  4217 | D:4      | HP: 9/36 [gnoll/+0 halberd (7)]
  4430 | D:4      | Reached skill level 4 in Spellcasting
  4430 | D:4      | Reached skill level 5 in Conjurations
  4430 | D:4      | Reached skill level 6 in Earth Magic
  4713 | D:5      | Entered Level 5 of the Dungeon
  4847 | D:5      | Found a glowing drain.
  4903 | Sewer    | Entered a sewer
  4991 | Sewer    | Noticed Pargi
  4996 | Sewer    | Killed Pargi
  5219 | D:5      | Reached skill level 6 in Conjurations
  5357 | D:5      | Reached XP level 8. HP: 41/41 MP: 10/14
  5370 | D:5      | Offered knowledge of Momentum Strike by Vehumet.
  5591 | D:5      | Reached ** piety under Vehumet
  5599 | D:5      | Found a broken altar of Ashenzari.
  5879 | D:6      | Reached skill level 7 in Conjurations
  5879 | D:6      | Reached skill level 7 in Earth Magic
  6007 | D:6      | Reached skill level 5 in Spellcasting
  6587 | D:6      | Reached skill level 8 in Conjurations
  6718 | D:6      | Reached XP level 9. HP: 45/45 MP: 14/17
  6779 | D:6      | Reached skill level 8 in Earth Magic
  7381 | D:7      | Found a stormy altar of Qazlal.
  7443 | D:7      | Noticed Menkaure
  7444 | D:7      | Noticed Maggie
  7485 | D:7      | Killed Menkaure
  7486 | D:7      | Reached skill level 6 in Spellcasting
  7645 | D:7      | Killed Maggie
  7767 | D:7      | Offered knowledge of Frozen Ramparts by Vehumet.
  7857 | D:7      | Reached skill level 9 in Conjurations
  7873 | D:7      | Reached *** piety under Vehumet
  7876 | D:7      | Reached skill level 9 in Earth Magic
  8390 | D:8      | Noticed Psyche
  8394 | D:8      | Killed Psyche
  8395 | D:8      | Reached skill level 7 in Spellcasting
  8558 | D:8      | Offered knowledge of Airstrike by Vehumet.
  8559 | D:8      | Reached XP level 10. HP: 50/50 MP: 14/20
  8662 | D:8      | Found a staircase to the Lair.
  8716 | D:8      | Found a shimmering altar of Xom.
  8716 | D:8      | Found a shimmering altar of Xom.
  8718 | D:8      | Found a shimmering altar of Xom.
  8718 | D:8      | Found a shimmering altar of Xom.
  8721 | D:8      | Found a shimmering altar of Xom.
  8721 | D:8      | Found a shimmering altar of Xom.
  8770 | D:8      | You pick up a book of Touch and begin reading...
  8770 | D:8      | You add the spells Kiss of Death, Confusing Touch and
                  | Dispel Undead to your library.
  8813 | D:8      | You fall into a shaft and drop 2 floors!
  8813 | D:10     | Entered Level 10 of the Dungeon
  8834 | D:10     | Noticed Harold
  8878 | D:10     | Noticed a two-headed ogre
  8882 | D:10     | Killed a two-headed ogre
  8883 | D:10     | Reached skill level 10 in Conjurations
  8883 | D:10     | Reached skill level 10 in Earth Magic
  8951 | D:10     | Noticed a gargoyle
  8965 | D:10     | Killed a gargoyle
  9177 | D:9      | Reached **** piety under Vehumet
  9187 | D:10     | Reached skill level 8 in Spellcasting
  9284 | D:10     | Found Xoorer's Antique Weapon Emporium.
  9321 | D:10     | Reached skill level 11 in Earth Magic
  9321 | D:10     | Offered knowledge of Freezing Cloud by Vehumet.
  9415 | D:10     | Noticed a two-headed ogre
  9421 | D:10     | Killed a two-headed ogre
  9422 | D:10     | Reached skill level 11 in Conjurations
  9422 | D:10     | Reached XP level 11. HP: 54/54 MP: 11/23
  9457 | D:9      | Found a flagged portal.
  9474 | Bailey   | Entered a bailey
  9509 | Bailey   | Identified a +0 crystal plate armour
  9721 | Bailey   | Noticed an orc knight
  9736 | Bailey   | Killed an orc knight
  9788 | Bailey   | a +0 spear; a +0 crystal plate armour {rare}; an orc
                  | skeleton
  9847 | Bailey   | Found a large runed translucent door.
  9847 | Bailey   | Found a large runed translucent door.
  9848 | Bailey   | Noticed a deep elf pyromancer
  9931 | Bailey   | Killed a deep elf pyromancer
  9932 | Bailey   | Reached skill level 9 in Spellcasting
 10224 | D:9      | Reached skill level 12 in Earth Magic
 10387 | D:9      | Found a sacrificial altar of Ru.
 10631 | D:9      | Reached ***** piety under Vehumet
 10631 | D:9      | Offered knowledge of Ozocubu's Refrigeration by Vehumet.
 10658 | D:9      | Reached skill level 12 in Conjurations
 12095 | D:10     | Found a staircase to the Orcish Mines.
 12229 | D:10     | Found Qiellaik's Jewellery Shoppe.
 12529 | D:10     | Killed Harold
 12805 | D:11     | Noticed a manticore
 12810 | D:11     | Killed a manticore
 12903 | D:11     | Noticed a two-headed ogre
 12907 | D:11     | Killed a two-headed ogre
 12908 | D:11     | Reached skill level 10 in Spellcasting
 12908 | D:11     | Reached skill level 13 in Earth Magic
 12908 | D:11     | Reached XP level 12. HP: 57/59 MP: 18/26
 12945 | D:11     | Noticed a boulder beetle
 12958 | D:11     | Reached skill level 1 in Fighting
 13153 | D:11     | Killed a boulder beetle
 13154 | D:11     | Reached skill level 3 in Fighting
 13191 | D:11     | Noticed a two-headed ogre
 13196 | D:11     | Killed a two-headed ogre
 13200 | D:11     | Reached skill level 4 in Fighting
 13285 | D:11     | You pick up a book of Alchemy and begin reading...
 13535 | Lair:1   | Entered Level 1 of the Lair of Beasts
 13585 | Lair:1   | Reached skill level 5 in Fighting
 13712 | Lair:1   | Reached skill level 6 in Fighting
 13870 | Lair:1   | Reached skill level 7 in Fighting
 13900 | Lair:1   | You pick up a book of Armaments and begin reading...
 13900 | Lair:1   | You add the spells Animate Armour and Lehudib's Crystal
                  | Spear to your library.
 14382 | Lair:1   | Reached skill level 11 in Spellcasting
 14420 | Lair:2   | Reached skill level 8 in Fighting
 14599 | Lair:2   | Noticed a boulder beetle
 14608 | Lair:2   | Killed a boulder beetle
 14899 | Lair:2   | Noticed Nergalle
 14904 | Lair:2   | Killed Nergalle
 14905 | Lair:2   | Reached skill level 9 in Fighting
 14929 | Lair:2   | Reached XP level 13. HP: 69/80 MP: 20/28
 15091 | Lair:2   | Found a staircase to the Shoals.
 15637 | Lair:3   | Reached skill level 10 in Fighting
 15787 | Lair:3   | Offered knowledge of Flame Wave by Vehumet.
 15793 | Lair:3   | Learned a level 4 spell: Flame Wave
 15802 | Lair:3   | Learned a level 8 spell: Lehudib's Crystal Spear
 16073 | Lair:3   | Reached skill level 11 in Fighting
 16108 | Lair:3   | Found a staircase to the Snake Pit.
 16582 | Lair:4   | Reached skill level 12 in Spellcasting
 16668 | Lair:4   | Found a frozen archway.
 16688 | Lair:4   | Reached skill level 1 in Armour
 16691 | Lair:4   | Reached skill level 2 in Dodging
 16711 | IceCv    | Entered an ice cave
 16793 | IceCv    | Reached skill level 2 in Armour
 16934 | IceCv    | HP: 18/84 [ice statue/shard of ice (16)]
 17053 | IceCv    | Noticed a white draconian
 17073 | IceCv    | Killed a white draconian
 17074 | IceCv    | Reached skill level 3 in Armour
 17175 | IceCv    | Identified the ring of the Original Sin {rPois rC+ rN+
                  | rCorr Stlth-}
 17307 | Lair:4   | Reached skill level 3 in Dodging
 17497 | Lair:4   | Reached skill level 4 in Armour
 17878 | Lair:5   | Entered Level 5 of the Lair of Beasts
 18023 | Lair:5   | Reached skill level 4 in Dodging
 18023 | Lair:5   | Gained mutation: Your large and strong wings let you fly.
                  | [Gargoyle growth]
 18023 | Lair:5   | Reached XP level 14. HP: 87/90 MP: 22/30
 18274 | Lair:5   | Reached skill level 5 in Armour
 18787 | Lair:5   | Reached skill level 13 in Spellcasting
 18794 | Lair:5   | Reached skill level 6 in Armour
 18805 | Lair:5   | Reached skill level 5 in Dodging
 18900 | Lair:5   | Offered knowledge of Conjure Ball Lightning by Vehumet.
 19133 | Lair:5   | Found a corrupted altar of Lugonu.
 19133 | Lair:5   | Found a one-way gate to the infinite horrors of the Abyss.
 19144 | Lair:5   | You pick up a book of Unlife and begin reading...
 19144 | Lair:5   | You add the spells Animate Dead, Borgnjor's Vile Clutch and
                  | Death Channel to your library.
 19308 | Lair:5   | Found a staircase to the Slime Pits.
 19674 | D:12     | Reached skill level 13 in Conjurations
 20596 | D:13     | Found a gate to the Vaults.
 21147 | D:14     | Reached skill level 14 in Earth Magic
 21614 | D:14     | HP: 19/90 [cyclops/large rock (40)]
 21618 | D:14     | Reached XP level 15. HP: 24/95 MP: 29/32
 21699 | D:14     | Noticed a rockslime
 21865 | D:14     | You pick up a book of Burglary and begin reading...
 21865 | D:14     | You add the spells Ensorcelled Hibernation and Swiftness to
                  | your library.
 21944 | D:14     | Reached skill level 14 in Spellcasting
 21944 | D:14     | Reached skill level 14 in Conjurations
 22134 | D:14     | Offered knowledge of Arcjolt by Vehumet.
 22230 | D:14     | Found a transporter.
 22230 | D:14     | Found a transporter.
 22234 | D:14     | Found a viscous altar of Jiyva.
 22301 | D:15     | Entered Level 15 of the Dungeon
 22540 | D:15     | Found a staircase to the Depths.
 22568 | D:15     | Reached skill level 15 in Earth Magic
 22890 | D:15     | HP: 19/95 [green ugly thing (7)]
 22892 | D:15     | Slain by a red ugly thing

Vanquished Creatures
  A stone giant (D:15)
  A white draconian (IceCv)
  A fire dragon (D:14)
  Harold (D:10)
  An ogre mage (D:13)
  3 hydras
  7 centaur warriors
  7 two-headed ogres
  4 boulder beetles
  3 thrashing horrors (Lair:5)
  Nergalle (Lair:2)
  2 skysharks
  A flayed ghost (D:14)
  A deep elf archer (D:14)
  2 orc knights
  2 deep elf pyromancers
  5 cyclopes
  11 ugly things
  6 elephants
  6 manticores
  2 ice statues (IceCv)
  8 cane toads
  4 black mambas
  Maggie (D:7)
  2 smoke demons (Lair:5)
  A gargoyle (D:10)
  2 yaktaurs
  Psyche (D:8)
  A kobold demonologist (D:13)
  7 rime drakes
  3 efreet
  6 komodo dragons
  3 ancient zymes (Lair:5)
  A freezing wraith (D:14)
  4 trolls
  3 meliai (D:15)
  6 polar bears
  A wind drake (Lair:2)
  27 blink frogs
  A raiju (shapeshifter) (Lair:5)
  6 dream sheep (Lair:3)
  3 slime creatures (D:14)
  2 large abominations (Lair:5)
  A ynoxinul (Lair:5)
  A spriggan (Lair:5)
  A shadow (D:11)
  47 yaks
  5 wyverns
  A human (shapeshifter) (Lair:5)
  A yak (shapeshifter) (Lair:5)
  5 basilisks
  6 vampire mosquitoes
  Menkaure (D:7)
  An acid dragon (D:9)
  10 water moccasins
  11 orc warriors
  Pargi (Sewer)
  A black bear (D:6)
  An ice beast (D:5)
  2 sky beasts
  4 ogres
  16 centaurs
  6 wolves
  2 phantoms
  3 kobold brigands
  2 gnoll sergeants
  10 bullfrogs
  2 necrophages
  3 scorpions
  4 killer bees (D:10)
  3 lindwurm simulacra (IceCv)
  2 howler monkeys
  A crimson imp (D:4)
  6 komodo dragon simulacra (IceCv)
  2 jellies
  10 small abominations (Lair:5)
  8 orc priests
  2 gnoll boudas
  3 hounds
  5 iguanas
  20 orc wizards
  27 gnolls
  5 acid dragon simulacra (IceCv)
  8 adders
  A shadow imp (D:5)
  2 white imps
  7 steam dragon simulacra (IceCv)
  A worm (D:2)
  2 dart slugs
  59 orcs
  7 ball pythons
  8 bats
  9 endoplasms
  9 giant cockroaches
  13 goblins
  8 hobgoblins
  12 jackals
  19 kobolds
  7 quokkas
  3 frilled lizards
  A goblin skeleton (D:4)
  2 goblin zombies (D:4)
  2 hobgoblin zombies (D:4)
  2 kobold skeletons (D:4)
  3 kobold zombies (D:4)
  An orc skeleton (D:4)
  An orc zombie (D:4)
  3 rats
593 creatures vanquished.

Vanquished Creatures (others)
  8 fungi
  13 plants
21 creatures vanquished.

Grand Total: 614 creatures vanquished

Table legend:
 A = Non-vault XP
 B = Vault XP
 C = Vault XP percentage of total XP
 D = Non-vault monster count
 E = Vault monster count
 F = Vault count percentage of total count
                 A         B        C        D         E       F
            +---------+---------+-------+---------+---------+-------
      Total |   71762 |   31497 |  30.5 |     440 |     153 |  25.8
            +---------+---------+-------+---------+---------+-------
        D:1 |      73 |       0 |   0.0 |      32 |       0 |   0.0
        D:2 |     145 |       0 |   0.0 |      24 |       0 |   0.0
        D:3 |     221 |       0 |   0.0 |      34 |       0 |   0.0
        D:4 |     242 |      62 |  20.4 |      15 |      13 |  46.4
        D:5 |     559 |      27 |   4.6 |      17 |       8 |  32.0
        D:6 |    1269 |       0 |   0.0 |      31 |       0 |   0.0
        D:7 |    1023 |     424 |  29.3 |      31 |       2 |   6.1
        D:8 |     623 |     365 |  36.9 |      10 |       1 |   9.1
        D:9 |    3230 |       8 |   0.2 |      45 |       4 |   8.2
       D:10 |    3789 |    1564 |  29.2 |      15 |      18 |  54.5
       D:11 |    6609 |       0 |   0.0 |      19 |       0 |   0.0
       D:12 |    2813 |       0 |   0.0 |       6 |       0 |   0.0
       D:13 |    3726 |    2498 |  40.1 |      13 |       3 |  18.8
       D:14 |    9355 |    5545 |  37.2 |      26 |       9 |  25.7
       D:15 |    8864 |    1066 |  10.7 |      21 |       1 |   4.5
     Lair:1 |    6328 |       0 |   0.0 |      27 |       0 |   0.0
     Lair:2 |    4407 |    1589 |  26.5 |      16 |       3 |  15.8
     Lair:3 |    5999 |       0 |   0.0 |      20 |       0 |   0.0
     Lair:4 |    5873 |    1971 |  25.1 |      19 |       8 |  29.6
     Lair:5 |    6614 |   10187 |  60.6 |      19 |      36 |  65.5
      Sewer |       0 |     136 | 100.0 |       0 |       3 | 100.0
     Bailey |       0 |    2083 | 100.0 |       0 |      16 | 100.0
      IceCv |       0 |    3972 | 100.0 |       0 |      28 | 100.0
            +---------+---------+-------+---------+---------+-------

Illustrated notes

Table legend:
 A = Kills in this place as a percentage of kills in entire the game.
 B = Kills by you in this place as a percentage of kills by you in the entire game.
 C = Kills by friends in this place as a percentage of kills by friends in the entire game.
 D = Other kills in this place as a percentage of other kills in the entire game.
 E = Experience gained in this place as a percentage of experience gained in the entire game.
 F = Experience gained in this place divided by the number of levels of this place that you have seen.
                   A       B       C       D       E      F
               +-------+-------+-------+-------+-------+----------------------
         Total | 100.0 | 100.0 |   N/A |   N/A | 100.0 | 4302.5
       Dungeon |  67.1 |  67.1 |   N/A |   N/A |  52.4 | 3606.7
          Lair |  25.0 |  25.0 |   N/A |   N/A |  41.6 | 8593.6
         Sewer |   0.5 |   0.5 |   N/A |   N/A |   0.1 | 136.0
        Bailey |   2.7 |   2.7 |   N/A |   N/A |   2.0 | 2083.0
      Ice Cave |   4.7 |   4.7 |   N/A |   N/A |   3.8 | 3972.0
               +-------+-------+-------+-------+-------+----------------------

Table legend: (Time is in decaauts)
 A = Elapsed time spent in this place.
 B = Non-inter-level travel time spent in this place.
 C = Inter-level travel time spent in this place.
 D = Time resting spent in this place.
 E = Time spent auto-exploring this place.
 F = Levels seen in this place.
 G = Mean time per level.
                   A        B        C        D        E       F      G
               +--------+--------+--------+--------+--------+-----+--------+
         Total |  23237 |  22111 |   1126 |   1119 |  17216 |  24 |  968.2 |
       Dungeon |  16174 |  15468 |    706 |    994 |  11952 |  15 | 1078.3 |
        Temple |    299 |    249 |     50 |      0 |    245 |   1 |  299.0 |
          Lair |   5461 |   5092 |    369 |      0 |   4249 |   5 | 1092.2 |
         Sewer |    185 |    185 |      0 |      0 |    120 |   1 |  185.0 |
        Bailey |    571 |    571 |      0 |     58 |    356 |   1 |  571.0 |
      Ice Cave |    544 |    544 |      0 |     67 |    293 |   1 |  544.0 |
               +--------+--------+--------+--------+--------+-----+--------+

Top non-repeatable levels by time:
  Lair:5: 1588 daAuts
    D:10: 1515 daAuts
     D:6: 1369 daAuts
     D:3: 1271 daAuts
    D:14: 1257 daAuts
     D:1: 1255 daAuts
     D:9: 1246 daAuts
     D:5: 1126 daAuts
     D:8: 1105 daAuts
     D:4: 1094 daAuts
     D:7: 1071 daAuts
  Lair:2: 1032 daAuts
  Lair:3: 1024 daAuts
    D:11: 982 daAuts
  Lair:1: 930 daAuts
